 Dungeon Crawl Stone Soup version 0.29.1-2-gbd0b4ee654 (webtiles) character file.

Game seed: 580553468877667025

25 Icepheonix32 the Grave Robber (level 2, 0/15 HPs)
             Began as a Deep Elf Necromancer on Nov 1, 2022.
             Slain by a gnoll
             ... wielding a +0 spear
              (6 damage)
             ... on level 2 of the Dungeon.
             The game lasted 00:00:45 (1003 turns).

Icepheonix32 the Grave Robber (DENe)                Turns: 1003, Time: 00:00:46

Health: 0/15       AC:  3    Str:  5    XL:     2   Next: 82%
Magic:  0/8        EV: 12    Int: 19    God:
Gold:   71         SH:  0    Dex: 15    Spells: 6/7 levels left

rFire   . . .      SeeInvis .   g - +0 dagger
rCold   . . .      Faith    .   (no shield)
rNeg    . . .      Spirit   .   a - +0 robe
rPois   .          Reflect  .   (no helmet)
rElec   .          Harm     .   (no cloak)
rCorr   .          Rampage  .   f - +0 pair of gloves
Will    .....                   (no boots)
Stlth   ++........              (no amulet)
HPRegen 0.05/turn               (no ring)
MPRegen 0.11/turn               (no ring)

@: no status effects
A: no striking features
a: no special abilities


You were on level 2 of the Dungeon.
You visited 1 branch of the dungeon, and saw 2 of its levels.

You collected 71 gold pieces.

Inventory:

Hand Weapons
 g - a +0 dagger (weapon)
Armour
 a - a +0 robe (worn)
 f - a +0 pair of gloves (worn)
Scrolls
 c - 3 scrolls of identify {unknown}
 d - a scroll of enchant weapon {unknown}
 e - 2 scrolls of blinking {unknown}
 i - a scroll of fear {unknown}
Potions
 b - a potion of magic
 h - a potion of berserk rage {unknown}
 j - a potion of mutation {unknown}
 k - a potion of attraction {unknown}
 l - a potion of heal wounds {unknown}


   Skills:
 - Level 2.4 Dodging
 - Level 2.4 Stealth
 - Level 3.0 Spellcasting
 + Level 5.9 Necromancy


You had 6 spell levels left.
You knew the following spells:

 Your Spells              Type           Power      Damage    Failure   Level
a - Necrotise             Necr           100%       1d9       1%          1

Your spell library contained the following spells:

 Spells                   Type           Power      Damage    Failure   Level
 Vampiric Draining        Necr           25%        2d7       4%          3
 Animate Dead             Necr           25%        N/A       13%         4
 Apportation              Tloc           4%         N/A       16%         1
 Summon Small Mammal      Summ           8%         N/A       16%         1
 Agony                    Necr           25%        N/A       36%         5


Dungeon Overview and Level Annotations

Branches:
Dungeon (2/15)

Altars:


Message History

Your ball python skeleton constricts the adder.
The adder barely resists.
The adder bites your ball python skeleton.
Your ball python skeleton bites the adder.
Your ball python skeleton constricts the adder.
The gnoll barely resists.
The adder bites your ball python skeleton. x2
Your ball python skeleton is destroyed!
The gnoll writhes in agony!
The adder hisses angrily.
The gnoll writhes in agony.
The gnoll completely misses you.
The gnoll writhes in agony.
The gnoll hits you from afar with a +0 spear!
The gnoll hits you with a +0 whip.
You are too injured to fight recklessly!
You are too injured to fight recklessly!
Unknown command.
The gnoll barely misses you.
You see here 8 stones.
Casting: Necrotise (safe; 1% risk of failure)
Confirm with . or Enter, or press ? or * to list all spells.
Aiming: Necrotise (safe; 1% risk of failure)
Press: ? - help, Shift-Dir - straight line, f/p - gnoll
Aim: a gnoll, wielding a +0 whip (almost dead, chance to affect: 88%)
The gnoll writhes in agony!
You kill the gnoll!
The dead are walking!
The gnoll closely misses you.
Unknown command.
The adder closely misses you.
Casting: Necrotise (safe; 1% risk of failure)
Confirm with . or Enter, or press ? or * to list all spells.
Aiming: Necrotise (safe; 1% risk of failure)
Press: ? - help, Shift-Dir - straight line, f - adder
Aim: an adder (almost dead, ally target, chance to affect: 88%)
The adder writhes in agony.
You kill the adder!
The dead are slithering!
Your gnoll skeleton closely misses the gnoll.
The gnoll hits you from afar with a +0 spear.
You die...

#.........##....##
.##
#.####......#####
#...
#.#.....#####....
#.#............ #
###.###......
#.Z).......
##.g##..... #Z##
... #@# . #.♣ #..
##♣#


You could see a gnoll (ally target), a friendly adder skeleton and a friendly
gnoll skeleton.

Vanquished Creatures
  A gnoll (D:2)
  An adder (D:2)
  2 ball pythons
  2 endoplasms (D:1)
  A hobgoblin (D:2)
  2 kobolds (D:1)
  3 bats (D:1)
  A frilled lizard (D:1)
  2 goblins (D:1)
15 creatures vanquished.

Vanquished Creatures (collateral kills)
  A goblin (D:1)
1 creature vanquished.

Grand Total: 16 creatures vanquished

Notes
Turn   | Place    | Note
-------+----------+-------------------------------------------
     0 | D:1      | Icepheonix32 the Deep Elf Necromancer began the quest for
                  | the Orb.
     0 | D:1      | Reached XP level 1. HP: 10/10 MP: 6/6
   181 | D:1      | Reached skill level 5 in Necromancy
   243 | D:1      | Found a faded altar of an unknown god.
   254 | D:1      | Reached XP level 2. HP: 15/15 MP: 2/8
  1003 | D:2      | Slain by a gnoll

Illustrated notes

Levels and vault maps discovered:
D:1:      amcnicky_arrival_flooded_fountain, layout_loops_corners,
          ebering_ecumenical_altar_petrified
D:2:      layout_rooms, serial_shops, nicolae_shop_hallway_plus, serial_forest,
          infiniplex_forest_end_1, infiniplex_forest_clump_double,
          infiniplex_forest_lined_2, infiniplex_forest_lined_3_way,
          infiniplex_forest_lined_room_3, infiniplex_forest_clump_diagonal,
          infiniplex_forest_straight_1, chequers_serial_rivers_micro_a,
          minmay_misc_feat_x

Skill      XL: |  1 |
---------------+----+-----
Necromancy     | 5 |  5.9
Dodging        | |  2.4
Stealth        | |  2.4
Spellcasting   | |  3.0

Action                   || total
-------------------------++-------
 Cast: Necrotise         ||    27
Armor: Robe              ||     2
Dodge: Dodged            ||     8
